 Dungeon Crawl Stone Soup version 0.28.0-53-g5a82cb258f (webtiles) character file.

Game seed: 4702772809888346313

5476 Zeld the Ogre Mage (level 10, -6/127 HPs)
             Began as an Ogre Transmuter on May 24, 2022.
             Was an Initiate of Gozag.
             Mangled by a boulder beetle (23 damage)
             ... summoned by a boggart
             ... on level 12 of the Dungeon.
             The game lasted 00:10:49 (12300 turns).

Zeld the Ogre Mage (Ogre Transmuter)               Turns: 12300, Time: 00:10:50

Health: -6/127     AC:  7    Str: 20    XL:     10   Next: 69%
Magic:  22/24      EV:  9    Int: 14    God:    Gozag
Gold:   392        SH:  0    Dex:  9    Spells: 20/30 levels left

rFire   x . .      SeeInvis .     - Unarmed
rCold   + + +      Faith    .   (shield currently unavailable)
rNeg    . . .      Spirit   .   (armour currently unavailable)
rPois   +          Reflect  .   (helmet currently unavailable)
rElec   .          Harm     .   (cloak currently unavailable)
rCorr   +          Rampage  .   (gloves unavailable)
Will    +....                   (boots unavailable)
Stlth   +.........              (no amulet)
HPRegen 0.31/turn               c - ring of resist corrosion
MPRegen 0.19/turn               (no ring)

@: about to teleport, ice-form (expiring)
A: freezing attack, amphibious, boosted hp, large, unfitting armour, (tough skin
1)
a: End Transformation, Renounce Religion, Potion Petition, Call Merchant, Bribe
Branch


You were on level 12 of the Dungeon.
You worshipped Gozag.
Gozag was aware of your devotion.
You were a creature of crystalline ice.
You visited 2 branches of the dungeon, and saw 11 of its levels.

You collected 1301 gold pieces.
You spent 442 gold pieces at shops.
You paid 467 gold pieces to Gozag.

Inventory:

Armour
 a - a +0 robe (melded)
 u - a scarf of repulsion (melded)
Jewellery
 c - a ring of resist corrosion (left front paw)
 t - a ring of protection from cold
Wands
 h - a wand of acid (4)
 n - a wand of iceblast (7)
 o - a wand of polymorph (8)
 v - a wand of flame (8)
Scrolls
 b - a scroll of fog {unknown}
 e - 2 scrolls of teleportation
 f - 3 scrolls of enchant armour {unknown}
 g - 6 scrolls of identify {unknown}
 l - a scroll of enchant weapon {unknown}
 p - a scroll of silence {unknown}
 w - a scroll of amnesia {unknown}
 x - a scroll of noise {unknown}
Potions
 d - 2 potions of degeneration {unknown}
 i - a potion of mutation {unknown}
 j - 3 potions of heal wounds {unknown}
 k - a potion of curing {unknown}
 m - 2 potions of might {unknown}
 q - 2 potions of flight {unknown}
 r - a potion of experience {unknown}
 s - a potion of brilliance {unknown}


   Skills:
 + Level 8.9 Fighting
 - Level 1.7 Dodging
 - Level 2.6 Unarmed Combat
 * Level 10.8 Spellcasting
 * Level 9.0 Transmutations
 - Level 2.0 Ice Magic
 - Level 2.0 Poison Magic


You had 20 spell levels left.
You knew the following spells:

 Your Spells              Type           Power      Damage    Failure   Level
a - Beastly Appendage     Tmut           66%        N/A       1%          1
b - Wereblood             Tmut           33%        N/A       1%          2
c - Spider Form           Tmut/Pois      23%        N/A       3%          3
d - Ice Form              Ice/Tmut       23%        N/A       10%         4

Your spell library contained the following spells:

 Spells                   Type           Power      Damage    Failure   Level
 Freeze                   Ice            52%        1d7       4%          1
 Foxfire                  Conj/Fire      28%        2x1d5     10%         1
 Frozen Ramparts          Ice            26%        1d4       13%         3
 Blink                    Tloc           14%        N/A       14%         2
 Conjure Flame            Conj/Fire      7%         6-21      28%         3
 Inner Flame              Hex/Fire       7%         N/A       28%         3
 Hailstorm                Conj/Ice       10%        3d5       54%         4
 Airstrike                Air            3%         N/A       67%         4
 Flame Wave               Conj/Fire      7%         2d5       67%         4
 Summon Lightning Spire   Summ/Air       7%         N/A       67%         4
 Lightning Bolt           Conj/Air       3%         1d15      95%         5
 Manifold Assault         Tloc           7%         N/A       95%         5
 Storm Form               Tmut/Air       10%        N/A       100%        7


Dungeon Overview and Level Annotations

Branches:
Dungeon (9/15)             Temple (1/1) D:4             Orc (0/2) D:12
   Lair: D:8-11

Altars:
Ashenzari
Cheibriados
Dithmenos
Elyvilon
Fedhas
Gozag
Hepliaklqana
Kikubaaqudgha
Makhleb
Nemelex Xobeh
Okawaru
Qazlal
Ru
Sif Muna
Trog
Uskayaw
Vehumet
Wu Jian
Xom
Yredelemnul
Zin

Shops:
D:1 :   D:7 :


Innate Abilities, Weirdness & Mutations

You are a creature of crystalline ice.
You have a powerful freezing melee attack.
You are amphibious.
Your maximum health is increased.
Your armour is entirely melded.
You are incapable of wielding weapons or throwing items.
You are too large for most types of armour.
((You have tough skin. (AC +1)))


Message History

Unknown command.
The orc shouts!
You punch the shadow!
You destroy the shadow!
Something hits you but does no damage. Something hits you.
Something unseen opens the door.
Unknown command.
The two-headed ogre is distracted by your dazzling golden aura.
You see here 6 gold pieces.
Unknown command.
Your transformation is almost over.
The orc is no longer distracted by gold.
You hear some strange, mumbled words.
The orc hits you with a +0 club.
The two-headed ogre shouts in stereo!
You punch the orc! You freeze the orc.
You kill the orc!
The two-headed ogre is no longer distracted by gold.
Something hits you but does no damage.
You hear some strange, mumbled words.
Something hits you but does no damage. Something hits you.
The boulder beetle curls into a ball and begins rolling!
Something hits you.
* * * LOW HITPOINT WARNING * * *
Something hits you.
* * * LOW HITPOINT WARNING * * *
Something hits you.
* * * LOW HITPOINT WARNING * * *
As you read the scroll of teleportation, it crumbles to dust.
You feel strangely unstable. Something hits you!
* * * LOW HITPOINT WARNING * * *
The boulder beetle barely misses you.
The boulder beetle stops rolling and uncurls.
Unknown command.
Something hits you!
* * * LOW HITPOINT WARNING * * *
The boulder beetle bites you!!
You die...
Your body crumbles into a pile of gold.

#.....l..$..#
#######......$.$$.#
...........##'##..#
...........#..
#l.#####.
#########..#..
#........ # #..#..
#........ # #..#..
#........ # #.(#..
#OB...... #######
#..#.. #Y.......
....... ...#
#........ .......
.... .........
.###### ###'
'#####.... .# ..
.... .# ## ... ##
.. $


You could see a boulder beetle (summoned), a two-headed ogre (summoned) and a
komodo dragon (summoned).

Vanquished Creatures
  2 trolls (D:12)
  A wyvern (D:8)
  A shadow (D:12)
  6 yaks (D:8)
  2 water moccasins
  An acid dragon (D:6)
  3 orc warriors
  2 sky beasts (D:7)
  2 ogres
  2 necrophages (D:6)
  3 boggarts (D:12)
  4 ice beasts
  3 centaurs
  4 phantoms
  2 kobold brigands
  A gnoll sergeant (D:7)
  3 bullfrogs
  4 scorpions
  A wyvern zombie (D:6)
  A vampire bat (D:7)
  A jelly (D:7)
  A howler monkey (D:8)
  3 centaur skeletons
  3 hounds
  2 bullfrog skeletons (D:6)
  2 orc priests
  3 iguanas
  Ijyb (D:2)
  3 orc wizards
  A hound zombie (D:5)
  2 howler monkey zombies
  8 gnolls (D:7)
  6 adders
  A shadow imp (D:5)
  A white imp (D:7)
  3 ufetubi
  An adder skeleton (D:5)
  A worm (D:3)
  2 dart slugs
  26 orcs
  6 ball pythons
  13 bats
  5 endoplasms
  2 giant cockroaches (D:1)
  2 goblins
  6 hobgoblins
  8 jackals
  12 kobolds
  2 quokkas
  5 frilled lizards
  3 rats
183 creatures vanquished.

Notes
Turn   | Place    | Note
-------+----------+-------------------------------------------
     0 | D:1      | Zeld the Ogre Transmuter began the quest for the Orb.
     0 | D:1      | Reached XP level 1. HP: 19/19 MP: 3/3
    68 | D:1      | Found Ygasirur's Book Shoppe.
   141 | D:1      | Found a faded altar of an unknown god.
   203 | D:1      | Reached XP level 2. HP: 28/28 MP: 3/5
   206 | D:1      | Learned a level 2 spell: Wereblood
   679 | D:1      | Reached skill level 3 in Spellcasting
   960 | D:1      | Reached XP level 3. HP: 29/35 MP: 4/7
   977 | D:1      | Learned a level 3 spell: Spider Form
  2084 | D:3      | Reached XP level 4. HP: 40/44 MP: 4/9
  2125 | D:3      | Noticed Ijyb
  2140 | D:2      | Learned a level 4 spell: Ice Form
  2730 | D:2      | Killed Ijyb
  3273 | D:3      | Reached XP level 5. HP: 43/50 MP: 0/10
  3400 | D:3      | Found the +2 ratskin cloak {*Rats rPois rN+ Str-1 Int-1
                  | Dex+1}
  3809 | D:4      | Reached skill level 4 in Spellcasting
  3809 | D:4      | Reached skill level 1 in Ice Magic
  3809 | D:4      | Reached skill level 1 in Poison Magic
  3895 | D:4      | Found a staircase to the Ecumenical Temple.
  3931 | Temple   | Entered the Ecumenical Temple
  4144 | Temple   | Became a worshipper of Gozag Ym Sagoz the Greedy
  4225 | D:4      | Noticed an ice beast
  4239 | D:4      | Noticed an ogre
  4320 | D:4      | Reached XP level 6. HP: 56/61 MP: 9/12
  4543 | D:4      | Killed an ice beast
  4673 | D:4      | Reached XP level 7. HP: 59/67 MP: 11/14
  4694 | D:4      | Reached skill level 5 in Spellcasting
  4997 | D:5      | Entered Level 5 of the Dungeon
  5185 | D:5      | Found a hazy altar of Hepliaklqana.
  5726 | D:5      | Reached skill level 6 in Spellcasting
  5726 | D:5      | Reached XP level 8. HP: 58/79 MP: 14/17
  6009 | D:5      | Reached skill level 5 in Transmutations
  6253 | D:5      | Reached skill level 5 in Fighting
  6484 | D:5      | Found a hide-covered altar of Uskayaw.
  7110 | D:6      | Reached skill level 7 in Spellcasting
  7751 | D:6      | Reached XP level 9. HP: 88/89 MP: 15/20
  7897 | D:6      | Reached skill level 8 in Spellcasting
  8531 | D:7      | Identified the +7 trident "Sugeosurch" {drain, *Rage rPois
                  | rN+++ Int+4}
  8876 | D:7      | Reached skill level 9 in Spellcasting
  9592 | D:7      | Bought an Inescapable Atlas for 442 gold pieces
  9823 | D:8      | Identified the +4 ring mail of Repulsion {Fly rElec rC+}
  9875 | D:8      | Reached XP level 10. HP: 61/104 MP: 16/23
  9889 | D:8      | Reached skill level 10 in Spellcasting
 11801 | D:9      | You fall into a shaft and drop 3 floors!
 11802 | D:12     | Noticed a boulder beetle
 11808 | D:12     | Found a staircase to the Orcish Mines.
 12273 | D:12     | Noticed a two-headed ogre
 12289 | D:12     | Noticed a two-headed ogre
 12293 | D:12     | Noticed a boulder beetle
 12300 | D:12     | Mangled by a boulder beetle

Illustrated notes

Levels and vault maps discovered:
D:1:      minmay_arrival_radiant_lines, layout_loops_cross, serial_shops, shop,
          shapermc_ecumenical_altar_flowoftime, hangedman_decor_lopped
D:2:      layout_basic
D:3:      layout_rooms, nrook_campfire, uniq_ijyb
D:4:      layout_basic, minmay_temple_entry_purple_smoke
D:5:      layout_rooms, hangedman_feature_mirror
D:6:      minmay_opposing_rooms, layout_basic
D:7:      layout_basic, roderic_batcave
D:8:      layout_loops_corners
D:9:      layout_grid_maze, tso_metal_star, nicolae_shop_unique_rings,
          minmay_misc_feat_iff, nrook_mini_backslash, eino_tiny_chamber
D:12:     layout_irregular_city, david_orc_2
Temple:   kilobyte_greek_temple

Skill      XL: |  1  2  3  4  5  6  7  8  9 10 |
---------------+-------------------------------+-----
Transmutations | 2 3 4 6 7 9 |  9.0
Spellcasting   | 3 4 6 7 9 10 | 10.8
Fighting       | 2 3 4 6 7 8 |  8.9
Ice Magic      | 1 2 |  2.0
Poison Magic   | 1 2 |  2.0
Dodging        | |  1.7
Unarmed Combat | |  2.6

Action                   |  1- 3 |  4- 6 |  7- 9 | 10-12 || total
-------------------------+-------+-------+-------+-------++-------
Melee: Unarmed           |   123 |    87 |   331 |   112 ||   653
       Kick              |    16 |     3 |       |       ||    19
       Headbutt          |     3 |     1 |       |       ||     4
       Punch             |       |     1 |       |       ||     1
 Cast: Beastly Appendage |    26 |     3 |       |       ||    29
       Wereblood         |     1 |       |     1 |       ||     2
       Spider Form       |     2 |    13 |     8 |       ||    23
       Ice Form          |       |     2 |    31 |    13 ||    46
Invok: Call Merchant     |       |       |     1 |       ||     1
 Abil: End Transformatio |       |       |     1 |       ||     1
  Use: Scroll            |       |       |     1 |     4 ||     5
Armor: Robe              |    38 |    13 |    10 |     2 ||    63
       Skin              |     1 |     2 |   106 |    33 ||   142
Dodge: Dodged            |    67 |    60 |   209 |    46 ||   382
